Map: [ESL] Dragon Scales

Players

Oriana

  • Race: Terran Terran
  • League: Grandmaster
  • Spawn Location: 11:00

Nice - Winner!

  • Race: Protoss Protoss
  • Spawn Location: 5:00

Event: ESL SC2 Masters 2023 Summer (Regionals)

VOD

Have the link to the VOD?

Description

Time

  • Played on: May 4, 2023, 8:43 a.m.
  • Length: 11:36

All games in this series

Show
View Real Time Build Order
Export as new Build Order

Oriana Terran 

Build Orders:  

Get SALT Encoding   

  12  0:00  SCV  
  13  0:12  SCV  
  14  0:17  Supply Depot  
  14  0:24  SCV  
  15  0:39  Barracks, SCV  
  16  0:51  SCV  
  17  1:01  Refinery  
  17  1:03  SCV  
  18  1:15  SCV  
  19  1:30  Marine  
  19  1:32  Orbital Command  
  20  1:40  Command Center  
  20  1:58  SCV  
  21  2:03  Factory  
  21  2:10  Refinery  
  21  2:11  SCV, Supply Depot  
  22  2:20  Barracks Reactor  
  22  2:23  SCV  
  23  2:35  SCV  
  24  2:47  Starport, Hellion, SCV  
  27  2:52  Orbital Command  
  27  2:56  Marine x2  
  29  2:59  SCV  
  30  3:08  Widow Mine  
  33  3:12  SCV  
  33  3:14  Marine x2  
  35  3:20  Supply Depot  
  35  3:21  SCV  
  35  3:24  SCV  
  35  3:25  Medivac  
  39  3:31  Factory Tech Lab  
  39  3:35  SCV  
  39  3:37  SCV  
  39  3:39  Marine x2  
  41  3:43  Supply Depot  
  39  3:54  SCV x2  
  41  3:57  Marine x2  
  41  4:00  Factory Tech Lab  
  45  4:02  Raven  
  45  4:06  SCV x2, Supply Depot  
  45  4:15  Barracks  
  45  4:17  Marine x2  
  45  4:19  Cyclone  
  45  4:21  SCV  
  45  4:22  SCV  
  52  4:34  SCV x2  
  52  4:35  Barracks  
  52  4:37  Marine x2  
  56  4:41  Engineering Bay  
  56  4:42  Refinery  
  56  4:47  Supply Depot  
  56  4:48  SCV  
  56  4:49  SCV  
  56  4:51  Siege Tank  
  61  4:57  Marine  
  61  4:58  Marine  
  63  5:01  SCV x2  
  65  5:08  Terran Infantry Weapons Level 1  
  65  5:09  Stimpack, Marauder, Supply Depot  
  67  5:15  SCV x2  
  67  5:17  Marine x2  
  67  5:18  Refinery  
  71  5:23  Bunker  
  71  5:29  SCV x2  
  71  5:32  Supply Depot  
  71  5:33  Marauder  
  75  5:36  Marine x2  
  75  5:39  Marauder  
  77  5:43  SCV  
  77  5:47  Starport Reactor, Factory Reactor  
  75  5:57  Marine x2  
  75  5:58  Marauder  
  75  6:03  Supply Depot  
  78  6:05  Supply Depot  
  76  6:23  Supply Depot  
  76  6:25  SCV x2  
  78  6:27  Bunker  
  78  6:37  Widow Mine, Medivac x2  
  86  6:40  Command Center  
  86  6:42  Widow Mine  
  86  6:44  Marine x2, Marauder  
  86  6:46  SCV x2, Supply Depot  
  94  6:53  Combat Shield  
  94  6:58  Barracks Tech Lab  
  94  6:59  SCV  
  94  7:00  SCV  
  93  7:01  Supply Depot  
  93  7:05  Factory Reactor  
  93  7:06  Marine  
  93  7:07  Marine  
  97  7:08  Marauder  
  97  7:14  Barracks  
  97  7:15  Barracks  
  96  7:20  Marauder  
  97  7:23  SCV  
  97  7:24  SCV  
  97  7:25  Medivac  
  97  7:26  Supply Depot  
  97  7:29  Medivac  
  101  7:32  Marine x2  
  101  7:34  Concussive Shells  
  101  7:36  Marauder  
  101  7:41  SCV x2  
  101  7:42  Terran Infantry Armor Level 1  
  101  7:43  Widow Mine x2  
  101  7:44  Marauder  
  107  7:49  Armory  
  107  7:53  Orbital Command  
  107  7:55  SCV x2  
  107  7:56  Marine x2  
  111  7:58  Supply Depot  
  111  8:01  Marauder  
  111  8:04  Barracks Reactor  
  111  8:05  Marauder, Barracks Tech Lab  
  115  8:13  Orbital Command  
  115  8:15  Marine x2  
  115  8:17  SCV x2  
  115  8:18  Widow Mine x2  
  123  8:22  Marauder  
  124  8:27  Medivac x2  
  124  8:30  Marauder  
  124  8:31  Marauder  
  132  8:41  Marine x3  
  132  8:42  Widow Mine x2, SCV x2  
  140  8:50  Supply Depot  
  140  8:53  Marine  
  141  8:58  Marauder  
  141  9:00  Supply Depot  
  141  9:01  Supply Depot  
  141  9:09  Supply Depot  
  141  9:11  Marine x2  
  141  9:12  SCV x2, Marauder x2  
  149  9:20  Supply Depot  
  149  9:21  Marine, SCV  
  149  9:23  Supply Depot  
  152  9:24  SCV, Marine, Engineering Bay  
  152  9:25  Marauder  
  152  9:26  SCV  
  156  9:31  Marine x2  
  156  9:34  SCV  
  156  9:36  SCV  
  156  9:38  SCV  
  161  9:42  Marauder x2  
  161  9:44  Refinery  
  165  9:46  Refinery  
  165  9:49  Supply Depot x2  
  161  10:00  Marauder  
  161  10:06  SCV  
  161  10:07  SCV x2  
  156  10:19  Marauder x2  
  160  10:23  Ghost Academy  
  160  10:31  Missile Turret  
  160  10:32  Marauder  
  162  10:42  Bunker  
  162  10:47  Command Center  
  160  10:52  Marine x2  
  160  10:53  Marine, Marauder  
  152  10:59  Marine x2  
  152  11:00  Marauder  
  152  11:04  Widow Mine x2  
  138  11:10  Marine  
  120  11:18  Marine x3  
Show
View Real Time Build Order
Export as new Build Order

Nice Protoss - Winner!

Build Orders: 1 Gate Expand, Oracle Opening, Blink Stalkers 

Get SALT Encoding   

  12  0:01  Probe  
  13  0:13  Probe  
  14  0:18  Pylon  
  14  0:25  Probe (Chrono Boost)  
  15  0:38  Probe (Chrono Boost)  
  15  0:41  Gateway  
  16  0:44  Probe (Chrono Boost)  
  16  0:49  Assimilator  
  17  0:52  Probe  
  18  1:04  Probe  
  19  1:16  Probe  
  20  1:32  Nexus  
  20  1:37  Cybernetics Core  
  20  1:45  Probe  
  21  1:47  Assimilator  
  21  1:58  Probe  
  21  2:00  Pylon  
  21  2:10  Probe (Chrono Boost)  
  22  2:18  Stargate  
  22  2:21  Probe (Chrono Boost)  
  23  2:23  Adept  
  23  2:25  Probe (Chrono Boost)  
  26  2:33  Warp Gate  
  26  2:36  Probe (Chrono Boost)  
  29  2:46  Probe (Chrono Boost)  
  29  2:47  Probe (Chrono Boost)  
  29  2:55  Probe (Chrono Boost)  
  29  2:56  Probe (Chrono Boost)  
  33  2:59  Probe (Chrono Boost)  
  33  3:01  Oracle (Chrono Boost)  
  33  3:02  Probe  
  36  3:10  Probe  
  37  3:14  Probe  
  37  3:16  Gateway  
  38  3:22  Probe  
  38  3:27  Probe  
  40  3:29  Twilight Council  
  40  3:34  Probe  
  40  3:39  Probe  
  41  3:46  Probe  
  40  3:51  Probe, Pylon, Shield Battery  
  40  3:53  Gateway  
  41  3:58  Probe, Blink (Chrono Boost)  
  42  4:03  Probe  
  42  4:08  Pylon  
  43  4:10  Probe  
  43  4:16  Assimilator  
  43  4:17  Gateway  
  45  4:21  Gateway  
  45  4:22  Stalker  
  48  4:28  Stalker  
  48  4:40  Nexus, Probe x2  
  50  4:50  Stalker  
  50  4:51  Stalker  
  54  4:53  Probe x2, Pylon  
  56  5:00  Pylon  
  56  5:05  Probe x2  
  58  5:14  Stalker  
  58  5:15  Stalker x2  
  58  5:16  Stalker  
  58  5:17  Probe  
  58  5:20  Probe  
  68  5:25  Pylon  
  68  5:36  Probe x2  
  68  5:40  Stalker x4  
  78  5:43  Charge (Chrono Boost)  
  78  5:52  Probe, Forge  
  78  5:53  Probe  
  78  5:54  Probe  
  82  6:05  Stalker x2  
  82  6:06  Stalker  
  82  6:07  Protoss Ground Weapons Level 1 (Chrono Boost)  
  82  6:09  Stalker  
  82  6:11  Probe x2  
  91  6:23  Probe  
  91  6:25  Gateway  
  92  6:27  Gateway  
  92  6:28  Gateway  
  92  6:29  Gateway  
  92  6:32  Pylon  
  92  6:44  Stalker x4  
  92  6:46  Probe  
  101  6:50  Probe  
  102  6:57  Probe  
  102  6:58  Probe  
  102  7:00  Assimilator  
  104  7:02  Probe, Assimilator  
  104  7:03  Pylon, Templar Archives  
  105  7:10  Pylon  
  102  7:21  Zealot x6  
  112  7:27  Shield Battery  
  112  7:29  Robotics Facility  
  110  7:30  Pylon  
  110  7:33  Assimilator  
  104  7:39  Stalker x2  
  104  7:41  Stalker x3  
  104  7:42  Stalker  
  110  7:49  Pylon  
  110  7:57  High Templar  
  112  8:00  Zealot  
  112  8:05  High Templar, Zealot x2  
  120  8:08  Zealot x3  
  120  8:10  Archon  
  126  8:16  Pylon  
  126  8:17  Immortal (Chrono Boost), Pylon  
  126  8:18  Shield Battery  
  130  8:20  Shield Battery  
  130  8:29  Shield Battery  
  130  8:30  Protoss Ground Armor Level 1 (Chrono Boost)  
  130  8:32  Sentry  
  132  8:44  Zealot x7  
  132  8:45  Psionic Storm  
  146  8:49  Warp Prism (Chrono Boost)  
  142  9:03  Pylon  
  142  9:04  Pylon  
  140  9:16  Photon Cannon  
  140  9:18  Photon Cannon  
  140  9:19  High Templar x4, Photon Cannon  
  140  9:23  Observer (Chrono Boost)  
  149  9:29  Nexus  
  149  9:32  Probe x3  
  152  9:41  Gateway  
  152  9:44  Probe  
  152  9:45  Probe x2  
  155  9:49  High Templar x2, Zealot  
  161  9:54  Archon  
  161  9:56  Probe  
  161  9:57  Probe x2  
  160  10:16  Observer (Chrono Boost)  
  160  10:21  High Templar x2, Zealot  
  162  10:26  Archon  
  164  10:29  Pylon  
  164  10:31  Pylon  
  164  10:33  Pylon  
  164  10:35  Pylon  
  148  11:01  Zealot x8  
  148  11:02  Archon  
  148  11:15  Archon  
  134  11:21  Zealot x8  
  134  11:24  Probe x3  
  151  11:32  Robotics Bay  
  151  11:35  Robotics Facility  
Tags
 
Add a new tag
Caveats
  • Supply blocks, unpowered buildings, or Contaminate may cause inaccurate times.
  • Supply counts are checked every 10 seconds.